 Dungeon Crawl Stone Soup version 0.21.0-3-g78d12a8 (webtiles) character file.

19 Gorglomux the Cutter (level 2, 0/15 HPs)
             Began as a Vine Stalker Gladiator on Jan 10, 2018.
             Slain by a worm (7 damage)
             ... on level 2 of the Dungeon.
             The game lasted 00:01:06 (886 turns).

Gorglomux the Cutter (Vine Stalker Gladiator)        Turns: 886, Time: 00:01:07

Health: 0/15       AC:  4    Str: 16    XL:     2   Next: 75%
Magic:  0/3        EV: 13    Int:  8    God:
Gold:   48         SH:  0    Dex: 15    Spells: 1/1 levels left

rFire    . . .     SeeInvis .   a - +0 rapier
rCold    . . .     Gourm    .   (no shield)
rNeg     . . .     Faith    .   b - +0 leather armour
rPois    .         Spirit   +   c - +0 helmet
rElec    .         Reflect  .   (no cloak)
rCorr    .         Harm     .   (no gloves)
MR       .....                  (no boots)
Stlth    +.........             (no amulet)
HPRegen  0.05/turn              (no ring)
MPRegen  0.08/turn              (no ring)

@: no status effects
A: fangs 2, magic shield, antimagic bite, no potion heal 3, rot immunity
a: no special abilities


You were on level 2 of the Dungeon.
You were not hungry.

You visited 1 branch of the dungeon, and saw 2 of its levels.

You collected 48 gold pieces.

Inventory:

Hand Weapons
 a - a +0 rapier (weapon)
Missiles
 Z - 3 throwing nets (quivered)
Armour
 b - a +0 leather armour (worn)
 c - a +0 helmet (worn)
Jewellery
 X - a +3 ring of slaying {unknown}
Scrolls
 O - a scroll of enchant weapon {unknown}
 P - 2 scrolls of random uselessness {unknown}
 Q - a scroll of amnesia {unknown}
 S - a scroll of remove curse {unknown}
 T - a scroll of identify {unknown}
 U - a scroll of fog {unknown}
 V - a scroll of immolation {unknown}
Potions
 R - 2 potions of curing {unknown}
 W - 2 potions of ambrosia {unknown}
Comestibles
 f - 6 rations


   Skills:
 + Level 2.1 Fighting
 + Level 3.0 Short Blades
 - Level 1.7 Throwing
 + Level 0.6 Armour
 + Level 2.6 Dodging


You had one spell level left.
You didn't know any spells.

Dungeon Overview and Level Annotations

Branches:
Dungeon (2/15)

Altars:


Innate Abilities, Weirdness & Mutations

You have extremely sharp teeth.
When hurt, damage is shared between your health and your magic reserves.
Your bite disrupts and absorbs the magic of your enemies.
Potions cannot restore your health.
You are immune to rotting.


Message History

You perforate the worm like a sieve!!!
The worm is severely wounded!
The worm bites you!!!
There are monsters nearby!!!
You are too injured to fight recklessly!!!
You are too injured to fight recklessly!!!
You are too injured to fight recklessly!!!
You are too injured to fight recklessly!!!
Unknown butt!
You are too injured to fight recklessly!!!
You butt too injured to fight recklessly!!!
You skewer the worm like a kebab!!!
You annihilate the worm!!!
Your Short Blades skill increases to level 3!!!
Unknown command!
You stick the worm like a pincushion! You bite the worm! You drain its power!
You feel invigorated!
The worm is butt-ly wounded!
The worm bites you!!! rip

##################
............##....####
..........#.##<#...).#
.............###.....# .
............).'.....#
..####..........###.....#
..........†.....# #.....#
......[.........# #.....#
..........(@....# #.....#
.......((..w.<..# ......#
........†.......#.......#
........................#
....................#####
....#.....##.......
....#.....# ...#... ...
....... .>.#### ..
.#......# ...


You could see a worm.

Vanquished Creatures
  A worm (D:2)
  A leopard gecko (D:2)
  A giant cockroach (D:1)
  2 hobgoblins (D:1)
  4 bats (D:1)
  2 frilled lizards (D:1)
  A goblin (D:2)
  3 kobolds
  A rat (D:1)
16 creatures vanquished.

Notes
Turn   | Place    | Note
-------+----------+-------------------------------------------
     0 | D:1      | Gorglomux the Vine Stalker Gladiator began the quest for the Orb.
     0 | D:1      | Reached XP level 1. HP: 11/11 MP: 2/2
   235 | D:1      | Reached XP level 2. HP: 15/15 MP: 1/3
   883 | D:2      | Reached skill level 3 in Short Blades
   886 | D:2      | Slain by a worm

Skill      XL: |  1  2 |
---------------+-------+-----
Fighting       | 2 |  2.1
Short Blades   | 3 |  3.0
Throwing       | |  1.7
Armour         | |  0.6
Dodging        | |  2.6

Action                   || total
-------------------------++-------
Melee: Rapier            ||    41
       Bite              ||    14
 Stab: Sleeping          ||     2
Armor: Leather armour    ||    14
Dodge: Dodged            ||    34
